[Event "XII Figueira da Foz Open 2018"]
[Site "Figueira da Foz"]
[Date "2018.11.03"]
[Round "8"]
[White "Moes Joaquim, Carlos"]
[Black "Ferreira, Cristina"]
[Result "1-0"]
[ECO "A51"]
[WhiteElo "1415"]
[BlackElo "1069"]
[Annotator "NA RC"]
[PlyCount "66"]
[EventDate "2018.10.30"]
[EventType "swiss"]
[EventCountry "POR"]
[SourceTitle "playchess.com"]
[Source "ChessBase"]
[SourceQuality "1"]
[TimeControl "40/5400+30:1800+30"]

1. d4 Nf6 2. c4 e5 3. d5 Bb4+ 4. Bd2 Bc5 5. e3 d6 6. Nc3 O-O 7. Bd3 Bg4 8. Nge2 Qd7 9. O-O Na6 10. Rc1 Rfe8 11. Bc2 Re7 12. Kh1 Rae8 13. Ba4 c6 14. a3 Nc7 15. f3 Bh5 16. b4 Bb6 17. Ng3 Bg6 18. Qe2 Nh5 19. Nxh5 Bxh5 20. Rfd1 Qf5 21. dxc6 Rb8 22. cxb7 Rxb7 23. g4 Qg5 24. Ne4 Qh6 25. gxh5 Re6 26. Ng3 Rb8 27. Rg1 Rd8 28. c5 d5 29. cxb6 Na6 30. b7 Ree8 31. Bxe8 Qe6 32. Bb5 Nb8 33. Qg2 Qe8 1-0

[Event "XII Figueira da Foz Open 2018"]
[Site "Figueira da Foz"]
[Date "2018.11.03"]
[Round "8"]
[White "Goncalves, Lucas Jordao"]
[Black "Morais, Mario Martins Freit"]
[Result "1-0"]
[ECO "B06"]
[WhiteElo "1401"]
[BlackElo "1766"]
[Annotator "NA RC"]
[PlyCount "38"]
[EventDate "2018.10.30"]
[EventType "swiss"]
[EventCountry "POR"]
[SourceTitle "playchess.com"]
[Source "ChessBase"]
[SourceQuality "1"]
[TimeControl "40/5400+30:1800+30"]

1. e4 g6 2. d4 Bg7 3. Nf3 c5 4. Be3 Nc6 5. Nc3 cxd4 6. Nxd4 Qa5 7. Qd2 Nf6 8. f3 d6 9. O-O-O Bd7 10. h4 Nxd4 11. Bxd4 h5 12. Kb1 Rc8 13. g3 Be6 14. Bb5+ Kf8 15. Be2 Bh6 16. f4 Nxe4 17. Qd3 Rxc3 18. Qxe4 Bf5 19. Bxc3 Qxa2+ 1-0

[Event "XII Figueira da Foz Open 2018"]
[Site "Figueira da Foz"]
[Date "2018.11.03"]
[Round "8"]
[White "Fonseca, Rene Gil Bakker"]
[Black "Dong, Fabio"]
[Result "0-1"]
[ECO "B46"]
[WhiteElo "1378"]
[BlackElo "1273"]
[Annotator "NA RC"]
[PlyCount "108"]
[EventDate "2018.10.30"]
[EventType "swiss"]
[EventCountry "POR"]
[SourceTitle "playchess.com"]
[Source "ChessBase"]
[SourceQuality "1"]
[TimeControl "40/5400+30:1800+30"]

1. e4 c5 2. Nf3 e6 3. Nc3 Nc6 4. d4 cxd4 5. Nxd4 a6 6. Bf4 Bb4 7. Nxc6 dxc6 8. Qxd8+ Kxd8 9. O-O-O+ Ke8 10. Rd3 Nf6 11. f3 Ke7 12. Be2 Bd7 13. Rhd1 Rac8 14. Na4 Ba5 15. Bd6+ Ke8 16. Nc5 Bc7 17. Nxb7 Rb8 18. Nc5 Bxd6 19. Rxd6 Rd8 20. Bxa6 Ke7 21. Kb1 Bc8 22. Rxd8 Rxd8 23. Rxd8 Kxd8 24. Bxc8 Kxc8 25. a4 Kc7 26. b4 Kb6 27. c4 Ne8 28. Kc2 Nd6 29. Kc3 h6 30. a5+ Ka7 31. g4 e5 32. Nd7 f6 33. Kd3 Ka6 34. Nc5+ Ka7 35. Kc3 Kb8 36. Na4 Kb7 37. Kb3 Ka6 38. c5 Nb5 39. Kc4 Nd4 40. Nc3 g6 41. Na4 Nxf3 42. Nb6 Nxh2 43. Nc8 Nf3 44. Nd6 Nd4 45. Ne8 f5 46. exf5 gxf5 47. gxf5 Nxf5 48. Nf6 Ng3 49. b5+ cxb5+ 50. Kd5 e4 51. c6 e3 52. c7 Kb7 53. a6+ Kxc7 54. Ne8+ Kb6 0-1

[Event "XII Figueira da Foz Open 2018"]
[Site "Figueira da Foz"]
[Date "2018.11.04"]
[Round "9"]
[White "Fernandes, Joao Pedro Murtinho"]
[Black "Fernandes, Ricardo Paulos"]
[Result "1/2-1/2"]
[ECO "B78"]
[WhiteElo "2067"]
[BlackElo "2098"]
[Annotator "NA RC"]
[PlyCount "66"]
[EventDate "2018.10.30"]
[EventType "swiss"]
[EventCountry "POR"]
[SourceTitle "playchess.com"]
[Source "ChessBase"]
[SourceQuality "1"]
[TimeControl "40/5400+30:1800+30"]

1. e4 c5 2. Nf3 d6 3. d4 cxd4 4. Nxd4 Nf6 5. Nc3 g6 6. Be3 Bg7 7. f3 Nc6 8. Qd2 O-O 9. Bc4 Bd7 10. O-O-O Rc8 11. Bb3 Nxd4 12. Bxd4 b5 13. Nd5 Nxd5 14. Bxg7 Kxg7 15. Bxd5 a5 16. h4 h6 17. h5 g5 18. a3 Rc5 19. f4 f6 20. fxg5 hxg5 21. Qd3 e5 22. b4 Rc7 23. Kb2 Qb8 24. Rd2 Qa7 25. Qb3 Rfc8 26. h6+ Kh7 27. Bg8+ Kh8 28. Qf7 Bg4 29. Qxf6+ Kxg8 30. Qxg5+ Kh8 31. Qxg4 Qe3 32. Qf3 Qxd2 33. Qf6+ Kh7 1/2-1/2

[Event "XII Figueira da Foz Open 2018"]
[Site "Figueira da Foz"]
[Date "2018.11.04"]
[Round "9"]
[White "Felizes, Paulo"]
[Black "Adams, Philip"]
[Result "0-1"]
[ECO "A46"]
[WhiteElo "1965"]
[BlackElo "1980"]
[Annotator "NA RC"]
[PlyCount "60"]
[EventDate "2018.10.30"]
[EventType "swiss"]
[EventCountry "POR"]
[SourceTitle "playchess.com"]
[Source "ChessBase"]
[SourceQuality "1"]
[TimeControl "40/5400+30:1800+30"]

1. d4 e6 2. Nf3 Nf6 3. Bg5 c5 4. e4 cxd4 5. e5 h6 6. Bh4 g5 7. Bg3 Ne4 8. Qxd4 Nxg3 9. hxg3 Nc6 10. Qe3 g4 11. Nfd2 Qa5 12. Rh5 f5 13. Nc3 Qxe5 14. Nb5 Kf7 15. O-O-O Qxe3 16. fxe3 a6 17. Nc3 d5 18. Na4 b5 19. Nb6 Rb8 20. Nxc8 Rxc8 21. a4 bxa4 22. Bxa6 Rc7 23. Kb1 Bg7 24. e4 fxe4 25. Be2 Rb8 26. b3 Nd4 27. Bxg4 axb3 28. c4 Nc2 29. Rf1+ Ke7 30. Nxb3 Ne3 0-1

[Event "XII Figueira da Foz Open 2018"]
[Site "Figueira da Foz"]
[Date "2018.11.04"]
[Round "9"]
[White "Lopez de Turiso, Jose Angel"]
[Black "Puglia, Francesco"]
[Result "1/2-1/2"]
[ECO "B22"]
[WhiteElo "1933"]
[BlackElo "1803"]
[Annotator "NA RC"]
[PlyCount "89"]
[EventDate "2018.10.30"]
[EventType "swiss"]
[EventCountry "POR"]
[SourceTitle "playchess.com"]
[Source "ChessBase"]
[SourceQuality "1"]
[TimeControl "40/5400+30:1800+30"]

1. e4 c5 2. c3 Nf6 3. e5 Nd5 4. d4 cxd4 5. Nf3 d6 6. Bc4 dxe5 7. Nxe5 e6 8. Qxd4 Be7 9. Nd2 O-O 10. O-O Nc6 11. Nxc6 bxc6 12. Nf3 Qb6 13. Qe4 Bb7 14. Bg5 c5 15. Qh4 Bxg5 16. Nxg5 Nf6 17. Rfe1 Qxb2 18. Rab1 Qxc3 19. Rec1 Qd2 20. Rd1 Qa5 21. Rxb7 Rae8 22. h3 Qa4 23. Rdd7 h6 24. Rxf7 Qd1+ 25. Kh2 Qd6+ 26. g3 Rxf7 27. Nxf7 Qc6 28. Rb1 Qf3 29. Rf1 Kxf7 30. Bb3 Nd5 31. Qc4 Qc3 32. Qe4 Qd4 33. Bxd5 exd5 34. Qf5+ Kg8 35. h4 Rf8 36. Qe6+ Kh8 37. Kg2 Qe4+ 38. Qxe4 dxe4 39. Rc1 Rf5 40. Rc4 Re5 41. Ra4 Re7 42. Rc4 e3 43. fxe3 Rxe3 44. Ra4 Re7 45. Kf3 1/2-1/2

[Event "XII Figueira da Foz Open 2018"]
[Site "Figueira da Foz"]
[Date "2018.11.04"]
[Round "9"]
[White "Louzao Brea, Jose Luis"]
[Black "Silva, Pedro Gil Ferreira "]
[Result "0-1"]
[ECO "B12"]
[WhiteElo "1835"]
[BlackElo "1837"]
[Annotator "NA RC"]
[PlyCount "72"]
[EventDate "2018.10.30"]
[EventType "swiss"]
[EventCountry "POR"]
[SourceTitle "playchess.com"]
[Source "ChessBase"]
[SourceQuality "1"]
[TimeControl "40/5400+30:1800+30"]

1. e4 c6 2. d4 d5 3. e5 c5 4. c3 Nc6 5. f4 cxd4 6. cxd4 Nh6 7. Nf3 Bg4 8. Be2 Bxf3 9. gxf3 e6 10. Bb5 Qb6 11. Nc3 Nf5 12. Bxc6+ bxc6 13. Ne2 Be7 14. O-O O-O 15. Qd3 Rfc8 16. b3 c5 17. dxc5 Qxc5+ 18. Kh1 Qc2 19. Rd1 Qxd3 20. Rxd3 Rc2 21. Ng3 Rac8 22. Bd2 Nh4 23. Nf1 Ng6 24. b4 R2c4 25. Ra3 Bxb4 26. Bxb4 Rxb4 27. f5 Nxe5 28. fxe6 fxe6 29. Re1 Ng6 30. Rxa7 d4 31. Kg2 d3 32. Rd7 Rb2+ 33. Kg3 Rcc2 34. f4 Rg2+ 35. Kf3 Nh4+ 36. Ke3 Rbe2+ 0-1

[Event "XII Figueira da Foz Open 2018"]
[Site "Figueira da Foz"]
[Date "2018.11.04"]
[Round "9"]
[White "Marques, Joao Paulo C Veloso"]
[Black "Pipiras, Filipa Fortuna"]
[Result "0-1"]
[ECO "A20"]
[WhiteElo "1807"]
[BlackElo "1853"]
[Annotator "NA RC"]
[PlyCount "72"]
[EventDate "2018.10.30"]
[EventType "swiss"]
[EventCountry "POR"]
[SourceTitle "playchess.com"]
[Source "ChessBase"]
[SourceQuality "1"]
[TimeControl "40/5400+30:1800+30"]

1. c4 e5 2. g3 Nf6 3. Bg2 Nc6 4. Nc3 Bc5 5. Nf3 O-O 6. O-O a6 7. d3 h6 8. a3 d6 9. Bd2 Ne7 10. b4 Ba7 11. a4 Be6 12. b5 axb5 13. axb5 Qd7 14. Ra4 Bb6 15. Qa1 Rad8 16. Qb2 Nh7 17. e3 f5 18. Ne1 Rb8 19. Nc2 g5 20. Nd5 Nxd5 21. cxd5 Bf7 22. d4 e4 23. Qb3 Nf6 24. Rb1 Bxd5 25. Qa3 Kg7 26. Bf1 c6 27. Nb4 Bf7 28. bxc6 bxc6 29. Na6 Rb7 30. Rab4 Nd5 31. R4b2 Ra8 32. Ba5 Qd8 33. Rxb6 Nxb6 34. Qb2 Nc4 35. Qxb7 Nxa5 36. Ra1 Nxb7 0-1

[Event "XII Figueira da Foz Open 2018"]
[Site "Figueira da Foz"]
[Date "2018.11.04"]
[Round "9"]
[White "Asvestopoulou, Evdokia"]
[Black "Soares, Sara Joana De Moura"]
[Result "0-1"]
[ECO "D56"]
[WhiteElo "1720"]
[BlackElo "1481"]
[Annotator "NA RC"]
[PlyCount "54"]
[EventDate "2018.10.30"]
[EventType "swiss"]
[EventCountry "POR"]
[SourceTitle "playchess.com"]
[Source "ChessBase"]
[SourceQuality "1"]
[TimeControl "40/5400+30:1800+30"]

1. d4 d5 2. c4 e6 3. Nc3 Nf6 4. Bg5 Be7 5. e3 O-O 6. Nf3 h6 7. Bh4 Ne4 8. Bxe7 Qxe7 9. Nxe4 dxe4 10. Nd2 f5 11. Be2 Rd8 12. O-O c6 13. Qc2 Nd7 14. f3 exf3 15. Nxf3 Nf6 16. Rad1 b6 17. Ne5 Bb7 18. Bf3 c5 19. Nc6 Bxc6 20. Bxc6 Rac8 21. d5 Qc7 22. h3 exd5 23. cxd5 g6 24. Qc3 Ne4 25. Qc4 Kh7 26. Qa4 Rd6 27. g4 Rxc6 0-1

[Event "XII Figueira da Foz Open 2018"]
[Site "Figueira da Foz"]
[Date "2018.11.04"]
[Round "9"]
[White "Moes Joaquim, Carlos"]
[Black "Bouxo, Luis Antonio Maximi"]
[Result "1-0"]
[ECO "D37"]
[WhiteElo "1415"]
[BlackElo "1585"]
[Annotator "NA RC"]
[PlyCount "69"]
[EventDate "2018.10.30"]
[EventType "swiss"]
[EventCountry "POR"]
[SourceTitle "playchess.com"]
[Source "ChessBase"]
[SourceQuality "1"]
[TimeControl "40/5400+30:1800+30"]

1. d4 d5 2. c4 e6 3. Nf3 Nf6 4. Nc3 Be7 5. e3 O-O 6. Bd3 c6 7. O-O Re8 8. Ne5 Nbd7 9. f4 dxc4 10. Bxc4 Nd5 11. Qh5 Nxe5 12. fxe5 g6 13. Qf3 Rf8 14. e4 Nxc3 15. bxc3 Kg7 16. Qh3 h5 17. Qe3 Rh8 18. a4 Rh7 19. Ba3 Bxa3 20. Rxa3 Qe7 21. Ra2 Bd7 22. Raf2 Kg8 23. Rf6 a6 24. Be2 Rf8 25. Qg5 Rg7 26. R1f3 Qa3 27. h3 Qa1+ 28. Kh2 Qe1 29. Qe3 Qa1 30. Rg3 Rh7 31. h4 Qxa4 32. Qf4 Qc2 33. Bxh5 Rxh5 34. Rgxg6+ Kh8 35. Rh6+ {[%emt 0:01:02] Kh7 [%clk 0:15:52]} 1-0

[Event "XII Figueira da Foz Open 2018"]
[Site "Figueira da Foz"]
[Date "2018.11.04"]
[Round "9"]
[White "Dong, Rafael"]
[Black "Morais, Mario Martins Freit"]
[Result "0-1"]
[ECO "A10"]
[WhiteElo "1360"]
[BlackElo "1766"]
[Annotator "NA RC"]
[PlyCount "40"]
[EventDate "2018.10.30"]
[EventType "swiss"]
[EventCountry "POR"]
[SourceTitle "playchess.com"]
[Source "ChessBase"]
[SourceQuality "1"]
[TimeControl "40/5400+30:1800+30"]

1. c4 b6 2. Nc3 Bb7 3. Nf3 Nf6 4. d3 e6 5. g3 Nc6 6. Bg2 Be7 7. O-O Qc8 8. a3 a5 9. Rb1 h5 10. h3 e5 11. e3 h4 12. g4 Nxg4 13. hxg4 h3 14. Bh1 d5 15. Nh2 d4 16. exd4 Nxd4 17. Ne4 f5 18. gxf5 Qxf5 19. Qg4 Rh4 20. Qxf5 Ne2# 0-1

[Event "XII Figueira da Foz Open 2018"]
[Site "Figueira da Foz"]
[Date "2018.11.04"]
[Round "9"]
[White "Dong, Fabio"]
[Black "Marcal, Armando Paulo Gomes"]
[Result "1/2-1/2"]
[ECO "A36"]
[WhiteElo "1273"]
[BlackElo "1751"]
[Annotator "NA RC"]
[PlyCount "80"]
[EventDate "2018.10.30"]
[EventType "swiss"]
[EventCountry "POR"]
[SourceTitle "playchess.com"]
[Source "ChessBase"]
[SourceQuality "1"]
[TimeControl "40/5400+30:1800+30"]

1. c4 c5 2. Nc3 Nc6 3. g3 d6 4. Bg2 Nf6 5. Nf3 a6 6. O-O Rb8 7. d4 cxd4 8. Nxd4 Ne5 9. Bg5 e6 10. Ne4 h6 11. Nxf6+ gxf6 12. Be3 Bd7 13. b3 h5 14. h4 Ng4 15. Bd2 Qb6 16. Bc3 Bh6 17. e3 e5 18. Nc2 Bxe3 19. fxe3 Nxe3 20. Nxe3 Qxe3+ 21. Kh2 Qxc3 22. Rxf6 Rg8 23. Rf3 Qb4 24. Rd3 Ke7 25. Qxh5 Rg6 26. Qf3 Bc6 27. Qf2 Bxg2 28. Kxg2 Rf6 29. Rf3 Rxf3 30. Qxf3 Rf8 31. Rf1 f5 32. a3 Qb6 33. b4 e4 34. Qh5 Ke6 35. Qg6+ Ke5 36. Qg7+ Rf6 37. Qe7+ Re6 38. Qg7+ Rf6 39. Qe7+ Re6 40. Qg7+ Rf6 1/2-1/2